 Dungeon Crawl Stone Soup version 0.31-a0-167-g1c394c0614 (webtiles) character file.

Game seed: 5758494886366218357

826 Moral the Slasher (level 7, -7/58 HPs)
             Began as a Merfolk Gladiator on June 15, 2023.
             Was a Follower of Qazlal.
             Mangled by Maggie
             ... wielding a +0 glaive of flaming
              (16 damage)
             ... on level 6 of the Dungeon.
             The game lasted 00:12:37 (5100 turns).

Moral the Slasher (Merfolk Gladiator)               Turns: 5100, Time: 00:12:38

Health: -7/58      AC:  4    Str: 14    XL:     7   Next: 96%
Magic:  7/7        EV: 15    Int:  7    God:    Qazlal [*.....]
Gold:   333        SH:  1    Dex: 18    Spells: 6/6 levels left

rFire   . . .        a - +0 long sword
rCold   . . .        (no shield)
rNeg    . . .        b - +0 leather armour
rPois   .            c - +0 helmet
rElec   .            (no cloak)
rCorr   .            (no gloves)
SInv    .            (no boots)
Will    .....        (no amulet)
Stlth   +            e - +4 ring of slaying
HPRegen 0.29/turn    p - +4 ring of slaying
MPRegen 0.10/turn

%: no passive effects
@: mesmerised
A: (nimble swimmer 2), mertail
a: Renounce Religion


You were on level 6 of the Dungeon.
You worshipped Qazlal.
Qazlal was aware of your devotion.
You visited 1 branch of the dungeon, and saw 6 of its levels.

You collected 333 gold pieces.

Inventory:

Hand Weapons
 a - a +0 long sword (weapon)
Armour
 b - a +0 leather armour (worn)
 c - a +0 helmet (worn)
Jewellery
 e - a +4 ring of slaying (left hand)
 p - a +4 ring of slaying (right hand)
 t - a ring of positive energy
 y - a ring of ice
Scrolls
 f - 2 scrolls of amnesia {unknown}
 g - a scroll of enchant weapon {unknown}
 j - a scroll of acquirement {unknown}
 k - 2 scrolls of enchant armour {unknown}
 l - 2 scrolls of identify {unknown}
 n - 2 scrolls of summoning {unknown}
 o - a scroll of poison {unknown}
 q - a scroll of teleportation {unknown}
 s - a scroll of torment {unknown}
 z - a scroll of fear {unknown}
 A - a scroll of brand weapon {unknown}
Potions
 d - 4 potions of curing {unknown}
 h - a potion of resistance {unknown}
 i - 4 potions of might {unknown}
 m - a potion of brilliance {unknown}
 r - a potion of magic {unknown}
 u - a potion of attraction {unknown}
 v - a potion of heal wounds {unknown}
 w - a potion of degeneration {unknown}
 x - a potion of lignification {unknown}


   Skills:
 * Level 6.3 Fighting
 * Level 7.5 Long Blades
 - Level 2.0 Throwing
 + Level 6.4 Dodging


You had 6 spell levels left.
You didn't know any spells.
Your spell library contained the following spells:

 Spells                   Type           Power      Damage    Failure   Level
 Cigotuvi's Dreadful Rot  Necr/Pois/Air  0%         N/A       65%         2
 Dispel Undead            Necr           0%         3d6       99%         4
 Death Channel            Necr           0%         N/A       100%        6


Dungeon Overview and Level Annotations

Branches:
Dungeon (6/15)             Temple (0/1) D:4

Altars:
Elyvilon
Nemelex Xobeh
Qazlal

Shops:
D:3 ::?[

Annotations:
D:6 Maggie


Innate Abilities, Weirdness & Mutations

((You are very nimble when in or above water. (Stealth+, EV+, Speed+++)))
Your lower body shifts to a powerful aquatic tail in water.


Message History

You see here a sky beast corpse.
Maggie the Vainglorious comes into view.
She is wielding a +0 glaive of flaming.
Maggie shouts!
Maggie casts a spell.
Maggie attempts to bespell you!
You are mesmerised by Maggie!
Maggie is nearby!
Maggie is nearby!
A wyvern comes into view.
You cannot move away from Maggie!
You cannot move away from Maggie!
You cannot move away from Maggie!
You cannot move away from Maggie!
You cannot move away from Maggie!
The wyvern bites you.
You slash the wyvern!
The wyvern is moderately wounded.
The wyvern bites you!
Maggie gestures wildly while chanting.
Maggie draws you further into her thrall.
You hit the wyvern.
The wyvern is heavily wounded.
The wyvern bites you!
Maggie says, "Did Master Lance send you?"
Maggie misses you. The wyvern closely misses you.
You slice the wyvern!!
You kill the wyvern!
Qazlal accepts your kill.
Maggie hits you from afar with a +0 glaive of flaming!
Maggie burns you.
* * * LOW HITPOINT WARNING * * *
Your Fighting skill increases to level 6!
Maggie hits you with a +0 glaive of flaming.
* * * LOW HITPOINT WARNING * * *
Maggie burns you.
* * * LOW HITPOINT WARNING * * *
You slash Maggie!
Maggie is lightly wounded.
Maggie hits you with a +0 glaive of flaming!
You die...

##################
#.................
#.###############.
#.# ########. #.#
.......†. #.#
######### #.# #
#.# # #@# #
.......@♣ #
........♣ #
####....~ # #....~
##### #...♣P≈
♣.... ...~ ≈≈
♣###. ....♣


PP~ #. #. You could see Maggie (mesmerising).

Vanquished Creatures
  A wyvern (D:6)
  An ice beast (D:5)
  A sky beast (D:6)
  A bullfrog (D:6)
  3 hounds (D:5)
  2 jellies (D:5)
  2 orc priests
  2 orc wizards (D:3)
  6 adders
  An ufetubus (D:5)
  A worm (D:2)
  A dart slug (D:5)
  22 orcs
  6 ball pythons
  4 bats
  5 endoplasms
  3 giant cockroaches
  11 goblins
  7 hobgoblins
  2 jackals (D:4)
  4 quokkas
  7 frilled lizards
  5 kobolds
  4 rats
102 creatures vanquished.

Notes
Turn   | Place    | Note
-------+----------+-------------------------------------------
     0 | D:1      | Moral the Merfolk Gladiator began the quest for the Orb.
     0 | D:1      | Reached XP level 1. HP: 16/16 MP: 1/1
   145 | D:1      | Reached XP level 2. HP: 18/23 MP: 2/2
   201 | D:1      | Reached skill level 4 in Long Blades
   467 | D:1      | Found a faded altar of an unknown god.
   716 | D:1      | Reached XP level 3. HP: 28/28 MP: 3/3
  1580 | D:2      | Reached XP level 4. HP: 29/35 MP: 4/4
  1739 | D:3      | Found Mezxuokk's Book Emporium.
  1745 | D:3      | Found Bungestruva's Book Shoppe.
  1791 | D:3      | Found a white marble altar of Elyvilon.
  1871 | D:3      | Reached skill level 5 in Long Blades
  1871 | D:3      | Reached XP level 5. HP: 25/42 MP: 5/5
  2182 | D:3      | Found Doc Fuba's Armour Shop.
  2189 | D:3      | Found a stormy altar of Qazlal.
  2199 | D:3      | Became a worshipper of Qazlal Stormbringer
  2674 | D:3      | Found Bestreen's Magic Scroll Emporium.
  2685 | D:3      | Reached skill level 5 in Dodging
  3111 | D:4      | Found a staircase to the Ecumenical Temple.
  4138 | D:5      | Entered Level 5 of the Dungeon
  4140 | D:5      | Reached XP level 6. HP: 49/49 MP: 6/6
  4191 | D:5      | Reached skill level 6 in Long Blades
  4218 | D:5      | Noticed an ice beast
  4259 | D:5      | Killed an ice beast
  4260 | D:5      | Reached skill level 5 in Fighting
  4346 | D:5      | Reached * piety under Qazlal
  4367 | D:5      | Reached XP level 7. HP: 37/56 MP: 7/7
  4578 | D:5      | Found a sparkling altar of Nemelex Xobeh.
  5048 | D:6      | Reached skill level 7 in Long Blades
  5091 | D:6      | Noticed Maggie
  5092 | D:6      | Noticed a wyvern
  5098 | D:6      | Killed a wyvern
  5100 | D:6      | Mangled by Maggie

Illustrated notes

Levels and vault maps discovered:
D:1:      dpeg_arrival_short_road, layout_basic, ebering_ecumenical_altar_rust
D:2:      layout_basic
D:3:      layout_rooms, nicolae_overflow_crystal_walls,
          nicolae_elyvilon_peaceful_grove, serial_co_window_serial,
          co_window_corner_a, co_window_cross_1, co_window_corner_a,
          co_window_paths_b, co_window_paths_a, co_window_of_opportunity_a,
          co_window_of_opportunity_a, co_window_corner_ca, co_window_broadway_c,
          co_window_of_opportunity_b, co_window_2corner, co_window_4corner_b,
          glass_columns_b, glass_columns_a, serial_shops,
          nicolae_shop_hallway_stairs, shop, nicolae_square_shop, shop
D:4:      layout_basic, minmay_temple_entry_ruins
D:5:      layout_basic, old_standard_altar, serial_glass, glass_columns_b,
          glass_columns_b, glass_columns_a, glass_columns_a, uniq_menkaure
D:6:      layout_basic, amethyst_overflow_temple_binary, minmay_holes,
          minmay_misc_feat_secret_circle, serial_bayou_ford_a,
          hangedman_decor_growths, uniq_maggie

Skill      XL: |  1  2  3  4  5  6  7 |
---------------+----------------------+-----
Long Blades    | 4 5 6 7 |  7.5
Fighting       | 3 4 5 6 |  6.3
Dodging        | 5 6 |  6.4
Throwing       | |  2.0

Action                     |  1- 3 |  4- 6 |  7- 9 || total
---------------------------+-------+-------+-------++-------
  Melee: Long sword        |    97 |   125 |    27 ||   249
         Punch             |       |     1 |     1 ||     2
   Stab: Sleeping          |       |     1 |       ||     1
 Armour: Leather armour    |    29 |    28 |     2 ||    59
  Dodge: Dodged            |    76 |    84 |    16 ||   176
  Block: Other             |       |       |     3 ||     3

Table legend: (Time is in decaauts)
 A = Elapsed time spent in this place.
 B = Non-inter-level travel time spent in this place.
 C = Inter-level travel time spent in this place.
 D = Time resting spent in this place.
 E = Time spent auto-exploring this place.
 F = Levels seen in this place.
 G = Mean time per level.
                   A        B        C        D        E       F      G
               +--------+--------+--------+--------+--------+-----+--------+
         Total |   5132 |   5095 |     37 |    696 |   3301 |   6 |  855.3 |
       Dungeon |   5132 |   5095 |     37 |    696 |   3301 |   6 |  855.3 |
               +--------+--------+--------+--------+--------+-----+--------+

Top non-repeatable levels by time:
     D:3: 1256 daAuts
     D:4: 1173 daAuts
     D:1: 1020 daAuts
     D:2: 717 daAuts
     D:5: 529 daAuts
     D:6: 437 daAuts
